 Dungeon Crawl Stone Soup version 0.21.1-1-g345015f (webtiles) character file.

1744 tidbits the Chiller (level 9, -5/58 HPs)
             Began as a Gnoll Ice Elementalist on Apr 3, 2018.
             Slain by a hippogriff (9 damage)
             ... on level 8 of the Dungeon.
             The game lasted 00:23:21 (1851 turns).

tidbits the Chiller (Gnoll Ice Elementalist)        Turns: 1851, Time: 00:23:21

Health: -5/58      AC: 10    Str: 11    XL:     9   Next: 6%
Magic:  22/36      EV: 18    Int: 28    God:
Gold:   130        SH:  0    Dex: 16    Spells: 7/20 levels left

rFire    . . .     SeeInvis .   b - +9 hand axe "Liaba" {venom, rC+ rN+ Int+3}
rCold    + . .     Gourm    .   (no shield)
rNeg     + . .     Faith    .   h - +1 robe
rPois    .         Spirit   .   (no helmet)
rElec    .         Reflect  .   (no cloak)
rCorr    .         Harm     .   (no gloves)
MR       .....                  (no boots)
Stlth    +++.......             (no amulet)
HPRegen  0.19/turn              w - ring of magical power
MPRegen  0.25/turn              z - ring of magical power

@: brilliant, icy armour, very slightly contaminated, slow
A: distributed training, fangs 1, repulsion field 1, frail 1, sense surroundings
1, strong nose
a: no special abilities


You were on level 8 of the Dungeon.
You were not hungry.

You visited 2 branches of the dungeon, and saw 11 of its levels.

You collected 208 gold pieces.
You spent 78 gold pieces at shops.

Inventory:

Hand Weapons
 a - a +0 dagger
 b - the +9 hand axe "Liaba" (weapon) {venom, rC+ rN+ Int+3}
   (You found it on level 6 of the Dungeon)

   It poisons the flesh of those it strikes.
   It affects your intelligence (+3).
   It protects you from cold.
   It protects you from negative energy.
 n - a +0 short sword
 p - a +0 shortbow
 q - a +0 club
 t - a +0 flail
 A - a +0 shortbow
 B - a +0 war axe of electrocution
   (You took it off an orc on level 8 of the Dungeon)
 E - a +0 blowgun
 H - the +0 whip of Buqeulu {freeze, rPois}
   (You took it off an orc priest on level 6 of the Dungeon)

   It has been specially enchanted to freeze those struck by it, causing extra
   injury to most foes and up to half again as much damage against particularly
   susceptible opponents.
   It can also slow down cold-blooded creatures.
   It protects you from poison.
 I - a cursed -3 dire flail
 N - a +0 whip
 O - a +2 trident of distortion
   (You took it off an orc on level 8 of the Dungeon)
Missiles
 e - 72 stones
 l - 93 arrows
 D - 5 javelins
 G - 3 tomahawks of returning (quivered)
Armour
 h - a +1 robe (worn)
 y - a +0 ring mail
Jewellery
 w - a ring of magical power (left hand)
   (You found it on level 4 of the Dungeon)
 z - a ring of magical power (right hand)
   (You found it on level 5 of the Dungeon)
Wands
 d - a wand of polymorph (14)
 M - a wand of paralysis (17)
Scrolls
 f - a scroll of enchant armour
 g - a scroll of noise
 i - a scroll of amnesia
 m - a scroll of vulnerability {unknown}
 o - 3 scrolls of blinking
 r - a scroll of remove curse
 s - 2 scrolls of teleportation
 v - a scroll of fog
 F - a scroll of fear
Potions
 x - a potion of haste
 J - a potion of mutation {!q}
Books
 j - a book of Frost

   Spells                             Type                      Level
   a - Freeze                         Ice                          1
   b - Throw Frost                    Conjuration/Ice              2
   c - Ozocubu's Armour               Charms/Ice                   3
   d - Throw Icicle                   Conjuration/Ice              4
   e - Summon Ice Beast               Ice/Summoning                4
 u - a book of Geomancy
   (You found it on level 4 of the Dungeon)

   Spells                             Type                      Level
   a - Sandblast                      Earth                        1
   b - Passwall                       Transmutation/Earth          2
   c - Stone Arrow                    Conjuration/Earth            3
   d - Petrify                        Transmutation/Earth          4
   e - Lee's Rapid Deconstruction     Earth                        5
 C - a book of Maledictions
   (You found it on level 5 of the Dungeon)

   Spells                             Type                      Level
   a - Corona                         Hexes                        1
   b - Ensorcelled Hibernation        Hexes/Ice                    2
   c - Confuse                        Hexes                        3
   d - Tukima's Dance                 Hexes                        3
   e - Dazzling Spray                 Conjuration/Hexes            3
 L - a book of Changes
   (You found it on level 7 of the Dungeon)

   Spells                             Type                      Level
   a - Beastly Appendage              Transmutation                1
   b - Sticks to Snakes               Transmutation                2
   c - Spider Form                    Transmutation/Poison         3
   d - Ice Form                       Ice/Transmutation            4
   e - Blade Hands                    Transmutation                5
 P - a book of Conjurations
   (You found it on level 8 of the Dungeon)

   Spells                             Type                      Level
   a - Magic Dart                     Conjuration                  1
   b - Searing Ray                    Conjuration                  2
   c - Dazzling Spray                 Conjuration/Hexes            3
   d - Fulminant Prism                Conjuration/Hexes            4
   e - Force Lance                    Conjuration/Translocation    4
   f - Iskenderun's Mystic Blast      Conjuration                  4
Comestibles
 c - 8 rations


   Skills:
 + Level 3.7 Fighting
 + Level 3.7 Short Blades
 + Level 3.7 Long Blades
 + Level 3.7 Axes
 + Level 3.7 Maces & Flails
 + Level 3.7 Polearms
 + Level 3.7 Staves
 + Level 3.7 Slings
 + Level 3.7 Bows
 + Level 3.7 Crossbows
 + Level 3.7 Throwing
 + Level 3.7 Armour
 + Level 6.0 Dodging
 + Level 5.7 Stealth
 + Level 3.7 Shields
 + Level 3.7 Unarmed Combat
 + Level 6.3 Spellcasting
 + Level 3.8 Conjurations
 + Level 3.1 Hexes
 + Level 3.1 Charms
 + Level 3.1 Summonings
 + Level 3.1 Necromancy
 + Level 3.1 Translocations
 + Level 3.1 Transmutations
 + Level 3.1 Fire Magic
 + Level 6.3 Ice Magic
 + Level 3.1 Air Magic
 + Level 3.1 Earth Magic
 + Level 3.1 Poison Magic
 + Level 4.1 Invocations
 + Level 3.7 Evocations


You had 7 spell levels left.
You knew the following spells:

 Your Spells              Type           Power        Failure   Level  Hunger
a - Freeze                Ice            ####         1%          1    None
j - Throw Frost           Conj/Ice       ######       1%          2    None
n - Sandblast             Erth           #####.       1%          1    None
o - Ozocubu's Armour      Chrm/Ice       ######..     1%          3    None
p - Passwall              Tmut/Erth      #####.....   1%          2    None
x - Summon Ice Beast      Ice/Summ       ######..     1%          4    ###....


Dungeon Overview and Level Annotations

Branches:
Dungeon (10/15)            Temple (1/1) D:4
   Lair: D:8-11         Orc: D:9-12

Altars:
Gozag
Kikubaaqudgha
Makhleb
Nemelex Xobeh
Okawaru
Ru
Uskayaw
Vehumet
Wu Jian
Xom
Yredelemnul
Zin
The Shining One

Shops:
D:6 *

Annotations:
D:3 Natasha


Innate Abilities, Weirdness & Mutations

Your experience applies equally to all skills.
You have very sharp teeth.
Your uncanny sense of smell can sniff out nearby items.
You are surrounded by a mild repulsion field. (EV +2)
You are frail. (-10% HP)
You passively map a small area around you.


Message History

You miscast Summon Ice Beast.
You are very lightly contaminated with residual magic.
A chill runs through your body.
Your icy armour starts to melt.
An orc priest comes into view.
Your ice beast closely misses the orc.
Casting: Summon Ice Beast
Confirm with . or Enter, or press ? or * to list all spells.
A chill wind blows around you.
Your ice beast hits the orc warrior but does no damage.
Your ice beast barely misses the orc.
Your ice beast hits the orc.
Your ice beast freezes the orc!
The orc dies!
Unknown command.
Your icy armour evaporates.
A hippogriff comes into view.
You swap places.
A quokka and an orc priest come into view.
The orc priest hits your ice beast.
The orc warrior hits your ice beast with a hand axe.
The orc warrior closely misses you.
Your ice beast hits the hippogriff but does no damage.
The orc priest closely misses your ice beast.
Unknown command.
Casting: Summon Ice Beast
Confirm with . or Enter, or press ? or * to list all spells.
You miscast Ozocubu's Armour.
Your hands glow momentarily.
The hippogriff misses you. The hippogriff closely misses you.
The hippogriff claws you.
The orc warrior hits you but does no damage.
The orc warrior hits your ice beast but does no damage.
Your ice beast hits the orc warrior but does no damage.
The orc priest casts a cantrip, but nothing happens.
Casting: Ozocubu's Armour
Confirm with . or Enter, or press ? or * to list all spells.
A film of ice covers your body! The hippogriff barely misses you.
The hippogriff completely misses you. The hippogriff barely misses you.
The orc warrior hits your ice beast with a hand axe.
The orc warrior completely misses you.
Your ice beast barely misses the hippogriff.
The orc priest calls down the wrath of Beogh upon you.
Your ice beast struggles to resist.
Unknown command.
Unknown command.
You hit the orc warrior.
The orc warrior is poisoned.
The orc warrior is lightly wounded.
You hit the quokka. You hit the hippogriff.
The hippogriff is poisoned.
The hippogriff misses you. The hippogriff pecks you!
* * * LOW HITPOINT WARNING * * *
The hippogriff completely misses you. The quokka completely misses you.
The orc grunts repeatedly.
Your ice beast closely misses the orc warrior.
The orc warrior closely misses you.
The orc warrior hits your ice beast with a hand axe!
The orc priest hits your ice beast but does no damage.
The hippogriff bites you but does no damage.
The hippogriff misses you.
The hippogriff claws you but does no damage.
You hit the hippogriff.
The hippogriff is lightly wounded.
You hit the quokka.
You kill the quokka!
You hit the orc warrior.
The orc warrior looks as sick as possible!
Your ice beast hits the orc warrior.
Your ice beast freezes the orc warrior.
The orc warrior hits your ice beast with a hand axe!
Your ice beast dies!
The orc warrior hits you with a hand axe!
* * * LOW HITPOINT WARNING * * *
The orc priest hits your ice beast. The hippogriff closely misses you.
The hippogriff barely misses you. The hippogriff completely misses you.
Unknown command.
You hit the orc warrior but do no damage.
You bite the orc warrior, but do no damage.
The orc warrior is severely wounded.
You closely miss the orc. You hit the hippogriff.
Your ice beast hits the orc priest but does no damage.
The orc warrior closely misses your ice beast.
The orc warrior hits you with a hand axe.
* * * LOW HITPOINT WARNING * * *
The orc priest misses your ice beast. The hippogriff misses you.
The hippogriff barely misses you. The hippogriff closely misses you.
The orc barely misses you.
Unknown command.
It was a potion of brilliance.
You feel clever all of a sudden.
Your ice beast hits the orc priest.
Your ice beast freezes the orc priest!
The orc priest dies!
The orc warrior closely misses you.
The orc warrior closely misses your ice beast.
The orc priest barely misses you. The hippogriff misses you.
The hippogriff closely misses you. The hippogriff misses you.
Unknown command.
You feel better. The orc closely misses you.
Your ice beast hits the orc warrior but does no damage.
The orc warrior hits you with a hand axe!
* * * LOW HITPOINT WARNING * * *
The orc warrior hits your ice beast with a hand axe!
The hippogriff bites you!
You die...

......., , ..* ....# * *
#.##*####### ....#######
..# ....... ....##....#
#.#*....... *
....##.##.#.##.##.......
....##....#.....#.......
..........#####.#[......
,
....†......####.Yo......
,
.........^......@H......,
##.#.......####.oo..####
#.#...###.#####.##.# ,
#.#...# #<...##..#.#
#.#...####...###.# #
##.#....# #...# .#
...#...[# #...# ..
......#)###...##....* *
....................


You could see a hippogriff, an orc warrior, an orc priest, an orc and a friendly
ice beast.

Vanquished Creatures
  A water moccasin (D:5)
  An ice beast (D:6)
  A sky beast (D:8)
  4 centaurs
  A necrophage (D:8)
  A wolf (D:8)
  A big kobold (D:8)
  A bullfrog (D:8)
  A scorpion (D:5)
  A howler monkey (D:7)
  A crimson imp (D:6)
  2 hounds
  A jelly (D:8)
  A quasit (D:9)
  2 orc priests
  A centaur zombie (D:7)
  4 orc wizards
  Natasha (D:3)
  2 iguanas
  4 worker ants
  A howler monkey zombie (D:5)
  A gnoll (D:3)
  A howler monkey skeleton (D:4)
  5 adders
  A worm (D:2)
  5 dart slugs
  2 leopard geckos (D:1)
  15 orcs
  3 ball pythons (D:1)
  5 giant cockroaches
  4 goblins
  A hobgoblin (D:2)
  6 jackals
  3 quokkas
  2 bats (D:3)
  2 frilled lizards
  5 kobolds
  2 leopard gecko skeletons
  3 rats
99 creatures vanquished.

Vanquished Creatures (collateral kills)
  A bullfrog (D:6)
  2 orc wizards (D:8)
  2 orc priests (D:8)
  4 orcs (D:8)
  2 kobolds (D:8)
  A leopard gecko skeleton (D:8)
12 creatures vanquished.

Grand Total: 111 creatures vanquished

Notes
Turn   | Place    | Note
-------+----------+-------------------------------------------
     0 | D:1      | tidbits the Gnoll Ice Elementalist began the quest for the Orb.
     0 | D:1      | Reached XP level 1. HP: 13/13 MP: 6/6
    92 | D:1      | Reached skill level 2 in Conjurations
    92 | D:1      | Reached XP level 2. HP: 17/19 MP: 1/7
    96 | D:1      | Learned a level 2 spell: Throw Frost
   189 | D:1      | You fall through a shaft!
   220 | D:1      | Reached XP level 3. HP: 19/25 MP: 3/9
   225 | D:1      | Learned a level 3 spell: Ozocubu's Armour
   244 | D:1      | Reached skill level 5 in Spellcasting
   443 | D:3      | Reached skill level 1 in Invocations
   449 | D:3      | Reached skill level 1 in Fighting
   449 | D:3      | Reached skill level 1 in Short Blades
   449 | D:3      | Reached skill level 1 in Long Blades
   449 | D:3      | Reached skill level 1 in Axes
   449 | D:3      | Reached skill level 1 in Maces & Flails
   449 | D:3      | Reached skill level 1 in Polearms
   449 | D:3      | Reached skill level 1 in Staves
   449 | D:3      | Reached skill level 1 in Slings
   449 | D:3      | Reached skill level 1 in Bows
   449 | D:3      | Reached skill level 1 in Crossbows
   449 | D:3      | Reached skill level 1 in Throwing
   449 | D:3      | Reached skill level 1 in Armour
   449 | D:3      | Reached skill level 1 in Shields
   449 | D:3      | Reached skill level 1 in Unarmed Combat
   449 | D:3      | Reached skill level 1 in Evocations
   452 | D:3      | Noticed Natasha
   504 | D:3      | Killed Natasha
   504 | D:3      | Reached XP level 4. HP: 21/32 MP: 8/11
   526 | D:3      | Noticed Natasha
   582 | D:4      | Learned a level 1 spell: Sandblast
   585 | D:4      | Learned a level 2 spell: Passwall
   693 | D:4      | Reached skill level 1 in Hexes
   693 | D:4      | Reached skill level 1 in Charms
   693 | D:4      | Reached skill level 1 in Summonings
   693 | D:4      | Reached skill level 1 in Necromancy
   693 | D:4      | Reached skill level 1 in Translocations
   693 | D:4      | Reached skill level 1 in Transmutations
   693 | D:4      | Reached skill level 1 in Fire Magic
   693 | D:4      | Reached skill level 1 in Air Magic
   693 | D:4      | Reached skill level 1 in Earth Magic
   693 | D:4      | Reached skill level 1 in Poison Magic
   696 | D:4      | Reached XP level 5. HP: 34/37 MP: 12/12
   718 | D:4      | Found a staircase to the Ecumenical Temple.
   731 | Temple   | Entered the Ecumenical Temple
   890 | D:5      | Entered Level 5 of the Dungeon
   937 | D:6      | Found Rimiol's Assorted Antiques.
   944 | D:6      | Noticed an ice beast
   954 | D:5      | Learned a level 4 spell: Summon Ice Beast
   964 | D:5      | Noticed a centaur
   967 | D:5      | Noticed a water moccasin
   974 | D:5      | Killed a centaur
   974 | D:5      | Reached skill level 2 in Invocations
   974 | D:5      | Reached XP level 6. HP: 10/44 MP: 9/13
   981 | D:5      | Killed a water moccasin
   981 | D:5      | Reached skill level 2 in Fighting
   981 | D:5      | Reached skill level 2 in Short Blades
   981 | D:5      | Reached skill level 2 in Long Blades
   981 | D:5      | Reached skill level 2 in Axes
   981 | D:5      | Reached skill level 2 in Maces & Flails
   981 | D:5      | Reached skill level 2 in Polearms
   981 | D:5      | Reached skill level 2 in Staves
   981 | D:5      | Reached skill level 2 in Slings
   981 | D:5      | Reached skill level 2 in Bows
   981 | D:5      | Reached skill level 2 in Crossbows
   981 | D:5      | Reached skill level 2 in Throwing
   981 | D:5      | Reached skill level 2 in Armour
   981 | D:5      | Reached skill level 5 in Dodging
   981 | D:5      | Reached skill level 2 in Shields
   981 | D:5      | Reached skill level 2 in Unarmed Combat
   981 | D:5      | Reached skill level 2 in Evocations
  1125 | D:6      | Reached XP level 7. HP: 27/50 MP: 15/15
  1165 | D:6      | Gained mutation: You are frail. (-10% HP) [potion of mutation]
  1165 | D:6      | Gained mutation: You are surrounded by a mild repulsion field. (EV +2) [potion of mutation]
  1165 | D:6      | Gained mutation: You passively map a small area around you. [potion of mutation]
  1192 | D:6      | Bought a scroll labeled USOHOCSAZIR for 21 gold pieces
  1192 | D:6      | Bought a pink potion for 18 gold pieces
  1192 | D:6      | Bought a lumpy amethyst potion for 18 gold pieces
  1192 | D:6      | Bought a scroll labeled FEACUH MILES for 21 gold pieces
  1241 | D:6      | Reached skill level 2 in Hexes
  1241 | D:6      | Reached skill level 2 in Charms
  1241 | D:6      | Reached skill level 2 in Summonings
  1241 | D:6      | Reached skill level 2 in Necromancy
  1241 | D:6      | Reached skill level 2 in Translocations
  1241 | D:6      | Reached skill level 2 in Transmutations
  1241 | D:6      | Reached skill level 2 in Fire Magic
  1241 | D:6      | Reached skill level 2 in Air Magic
  1241 | D:6      | Reached skill level 2 in Earth Magic
  1241 | D:6      | Reached skill level 2 in Poison Magic
  1255 | D:6      | Reached skill level 3 in Conjurations
  1281 | D:6      | Reached skill level 5 in Stealth
  1281 | D:6      | Reached skill level 3 in Invocations
  1328 | D:6      | Got a bone whip {freeze}
  1329 | D:6      | Identified the +0 whip of Buqeulu {freeze, rPois} (You took it off an orc priest on level 6 of the Dungeon)
  1407 | D:7      | Reached skill level 6 in Ice Magic
  1407 | D:7      | Reached XP level 8. HP: 49/51 MP: 16/16
  1466 | D:7      | Reached skill level 3 in Fighting
  1466 | D:7      | Reached skill level 3 in Short Blades
  1466 | D:7      | Reached skill level 3 in Long Blades
  1466 | D:7      | Reached skill level 3 in Axes
  1466 | D:7      | Reached skill level 3 in Maces & Flails
  1466 | D:7      | Reached skill level 3 in Polearms
  1466 | D:7      | Reached skill level 3 in Staves
  1466 | D:7      | Reached skill level 3 in Slings
  1466 | D:7      | Reached skill level 3 in Bows
  1466 | D:7      | Reached skill level 3 in Crossbows
  1466 | D:7      | Reached skill level 3 in Throwing
  1466 | D:7      | Reached skill level 3 in Armour
  1466 | D:7      | Reached skill level 3 in Shields
  1466 | D:7      | Reached skill level 3 in Unarmed Combat
  1466 | D:7      | Reached skill level 3 in Evocations
  1499 | D:6      | Got a polished hand axe
  1500 | D:6      | Identified the +9 hand axe "Liaba" {venom, rC+ rN+ Int+3} (You found it on level 6 of the Dungeon)
  1569 | D:8      | Reached skill level 6 in Spellcasting
  1775 | D:10     | Entered Level 10 of the Dungeon
  1789 | D:9      | Noticed a yak
  1789 | D:9      | Noticed a yak
  1802 | D:8      | Reached skill level 3 in Hexes
  1802 | D:8      | Reached skill level 3 in Charms
  1802 | D:8      | Reached skill level 3 in Summonings
  1802 | D:8      | Reached skill level 3 in Necromancy
  1802 | D:8      | Reached skill level 3 in Translocations
  1802 | D:8      | Reached skill level 3 in Transmutations
  1802 | D:8      | Reached skill level 3 in Fire Magic
  1802 | D:8      | Reached skill level 3 in Air Magic
  1802 | D:8      | Reached skill level 3 in Earth Magic
  1802 | D:8      | Reached skill level 3 in Poison Magic
  1802 | D:8      | Reached skill level 4 in Invocations
  1820 | D:8      | Reached skill level 6 in Dodging
  1820 | D:8      | Reached XP level 9. HP: 36/58 MP: 18/18
  1851 | D:8      | HP: 4/58 [orc warrior/hand axe (13)]
  1851 | D:8      | Slain by a hippogriff

Skill      XL: |  1  2  3  4  5  6  7  8 |
---------------+-------------------------+-----
Conjurations   | 2 3 |  3.8
Spellcasting   | 5 6 |  6.3
Invocations    | 1 2 3 4 |  4.1
Fighting       | 1 2 3 |  3.7
Short Blades   | 1 2 3 |  3.7
Long Blades    | 1 2 3 |  3.7
Axes           | 1 2 3 |  3.7
Maces & Flails | 1 2 3 |  3.7
Polearms       | 1 2 3 |  3.7
Staves         | 1 2 3 |  3.7
Slings         | 1 2 3 |  3.7
Bows           | 1 2 3 |  3.7
Crossbows      | 1 2 3 |  3.7
Throwing       | 1 2 3 |  3.7
Armour         | 1 2 3 |  3.7
Shields        | 1 2 3 |  3.7
Unarmed Combat | 1 2 3 |  3.7
Evocations     | 1 2 3 |  3.7
Hexes          | 1 2 3 |  3.1
Charms         | 1 2 3 |  3.1
Summonings     | 1 2 3 |  3.1
Necromancy     | 1 2 3 |  3.1
Translocations | 1 2 3 |  3.1
Transmutations | 1 2 3 |  3.1
Fire Magic     | 1 2 3 |  3.1
Air Magic      | 1 2 3 |  3.1
Earth Magic    | 1 2 3 |  3.1
Poison Magic   | 1 2 3 |  3.1
Dodging        | 5 6 |  6.0
Stealth        | 5 |  5.7
Ice Magic      | 6 |  6.3

Action                   |  1- 3 |  4- 6 |  7- 9 || total
-------------------------+-------+-------+-------++-------
Melee: Dagger            |    17 |     6 |    12 ||    35
       Bite              |     1 |       |     6 ||     7
       Unarmed           |       |     3 |    17 ||    20
       Hand axe          |       |       |    49 ||    49
       Punch             |       |       |     1 ||     1
Throw: Stone             |     1 |     1 |       ||     2
       Tomahawk          |       |       |     1 ||     1
 Cast: Freeze            |    33 |    28 |    28 ||    89
       Sandblast         |       |    16 |    26 ||    42
       Throw Frost       |       |     2 |       ||     2
       Ozocubu's Armour  |       |     1 |    10 ||    11
       Summon Ice Beast  |       |       |     9 ||     9
       Passwall          |       |       |     3 ||     3
  Use: Scroll            |       |     4 |     4 ||     8
       Potion            |       |     1 |    11 ||    12
 Stab: Sleeping          |     9 |     4 |     4 ||    17
       Invisible         |       |       |     2 ||     2
       Distracted        |       |       |     1 ||     1
  Eat: Chunk             |       |     1 |     1 ||     2
       Ration            |       |       |     1 ||     1
Armor: Robe              |     5 |     4 |    31 ||    40
       Skin              |       |     5 |    22 ||    27
Dodge: Dodged            |    21 |    23 |   115 ||   159

Table legend:
 A = Turns spent in this place as a percentage of turns spent in the entire game.
 B = Non-inter-level travel turns spent in this place as a percentage of non-inter-level travel turns spent in the entire game.
 C = Inter-level travel turns spent in this place as a percentage of turns spent in this place.
 D = Turns resting spent in this place as a percentage of non-inter-level travel turns spent in this place.
 E = Turns spent auto-exploring this place as a percentage of non-inter-level travel turns spent in this place.
 F = Non-inter-level travel turns spent in this place divided by the number of levels of this place that you've seen.
                   A       B       C       D       E      F
               +-------+-------+-------+-------+-------+----------------------
         Total | 100.0 | 100.0 |   0.9 |   0.0 |   0.0 | 166.8
       Dungeon |  96.9 |  97.7 |   0.0 |   0.0 |   0.0 | 179.3
        Temple |   3.1 |   2.3 |  27.6 |   0.0 |   0.0 |  42.0
               +-------+-------+-------+-------+-------+----------------------

Table legend:
 A = Kills in this place as a percentage of kills in entire the game.
 B = Kills by you in this place as a percentage of kills by you in the entire game.
 C = Kills by friends in this place as a percentage of kills by friends in the entire game.
 D = Other kills in this place as a percentage of other kills in the entire game.
 E = Experience gained in this place as a percentage of experience gained in the entire game.
 F = Experience gained in this place divided by the number of levels of this place that you have seen.
                   A       B       C       D       E      F
               +-------+-------+-------+-------+-------+----------------------
         Total | 100.0 | 100.0 | 100.0 |   N/A | 100.0 | 226.5
       Dungeon | 100.0 | 100.0 | 100.0 |   N/A | 100.0 | 249.2
               +-------+-------+-------+-------+-------+----------------------

Vault maps used:
D:1:      dpeg_arrival_signposts
D:3:      cheibrodos_helix_gallery, tgw_sif, first_ration, patterned_corridor,
          uniq_natasha, uniq_jessica, uniq_terence
D:4:      minmay_temple_entry_glass, okawaru_ov_weapons_minmay
D:5:      lemuel_coloured_pillars_altar
D:6:      elyvilon_altar_5, serial_shops, shop
D:7:      the_bakery
D:8:      lemuel_crystal_altar, basic_altar
D:9:      grunt_temple_overflow_open, erik_lair_island, uniq_maurice
D:10:     serial_shops, nicolae_shop_overgrown_old_shop, serial_ice,
          serial_ice_f, serial_ice_j, serial_ice_o, serial_ice_n, serial_ice_c,
          serial_ice_b, uniq_joseph, uniq_nergalle, uniq_erica
Temple:   dshaligram_water_room_temple
